 Dungeon Crawl Stone Soup version 0.31.0-12-g77e489cdc1 (webtiles) character file.

Game seed: 15328500672930363283

4771 Silvore the Basher (level 10, -5/89 HPs)
             Began as a Minotaur Fighter on Mar 6, 2024.
             Was a Follower of Okawaru.
             Slain by an orc warrior
             ... wielding a +0 long sword
              (7 damage)
             ... on level 8 of the Dungeon.
             The game lasted 00:09:55 (7272 turns).

Silvore the Basher (Minotaur Fighter)               Turns: 7272, Time: 00:09:56

Health: -5/89      AC: 17    Str: 26    XL:     10   Next: 23%
Magic:  9/9        EV: 10    Int:  5    God:    Okawaru [*.....]
Gold:   376        SH:  5    Dex:  9    Spells: 9/9 levels left

rFire   + . .        z - +0 mace
rCold   + . .        c - +0 buckler
rNeg    . . .        e - +0 chain mail
rPois   +            (helmet restricted)
rElec   +            (no cloak)
rCorr   +            t - +2 pair of gloves
SInv    .            g - +1 pair of boots
Will    .....        D - amulet of the acrobat
Stlth   x              - ring of poison resistance
HPRegen 0.34/turn    (no ring)
MPRegen 0.11/turn

%: acrobat
@: resistant, on berserk cooldown, slowed, very slow
A: horns 2, retaliatory headbutt
a: Renounce Religion, Heroism


You were on level 8 of the Dungeon.
You worshipped Okawaru.
Okawaru was aware of your devotion.
You visited 2 branches of the dungeon, and saw 9 of its levels.

You collected 436 gold pieces.
You spent 60 gold pieces at shops.

Inventory:

Hand Weapons
 a - a +1 flail
 z - a +0 mace (weapon)
Missiles
 F - 15 throwing nets (quivered)
Armour
 b - a +0 scale mail
 c - a +0 buckler (worn)
 e - a +0 chain mail (worn)
 g - a +1 pair of boots (worn)
 t - a +2 pair of gloves (worn)
Jewellery
 s - a ring of fire
 x - a ring of poison resistance (left hand)
 C - a +5 ring of evasion
 D - an amulet of the acrobat (around neck)
 L - a ring of resist corrosion
Wands
 l - a wand of flame (75)
 n - a wand of paralysis (6)
Scrolls
 h - 6 scrolls of teleportation
 o - a scroll of enchant armour
 q - a scroll of noise
 y - a scroll of revelation
 E - 2 scrolls of enchant weapon
 G - a scroll of immolation
 H - a scroll of amnesia
 I - a scroll of summoning
Potions
 d - a potion of might
 f - 3 potions of magic
 i - a potion of resistance
 j - a potion of berserk rage
 k - a potion of degeneration {unknown}
 m - 2 potions of enlightenment
 p - 3 potions of attraction
 r - a potion of lignification {unknown}
 u - a potion of invisibility {unknown}
 v - 2 potions of curing
 w - a potion of brilliance {unknown}
 A - a potion of heal wounds {unknown}
 B - a potion of mutation {unknown}
 K - a potion of haste {unknown}


   Skills:
 + Level 8.3 Fighting
 + Level 11.5 Maces & Flails
 + Level 9.0 Armour
 + Level 4.3 Dodging
 + Level 0.6 Stealth
 + Level 7.6 Shields
 + Level 1.0 Invocations


You had 9 spell levels left.
You didn't know any spells.
Your spell library contained the following spells:

 Spells                   Type           Power      Damage    Failure   Level
 Necrotise                Necr           0%         1d4       94%         1
 Slow                     Hex            0%         N/A       94%         1
 Jinxbite                 Hex            0%         N/A       98%         2
 Confusing Touch          Hex            0%         N/A       100%        3
 Sigil of Binding         Hex            0%         N/A       100%        3
 Stone Arrow              Conj/Erth      0%         3d7       100%        3
 Vampiric Draining        Necr           0%         2d6       100%        3
 Curse of Agony           Necr           0%         N/A       100%        5
 Yara's Violent Unravell  Hex/Alch       0%         3d3       100%        5
 Enfeeble                 Hex            0%         N/A       100%        7
 Lehudib's Crystal Spear  Conj/Erth      0%         10d2      100%        8
 Animate Armour           Summ/Erth      Unusable   N/A       N/A         4
 Martyr's Knell           Necr/Summ      Unusable   N/A       N/A         4

Dungeon Overview and Level Annotations

Branches:
Dungeon (8/15)             Temple (1/1) D:6
   Lair: D:8-11

Altars:
Ashenzari
Cheibriados
Dithmenos
Elyvilon
Fedhas
Gozag
Hepliaklqana
Kikubaaqudgha
Makhleb
Okawaru
Qazlal
Ru
Sif Muna
Trog
Vehumet
Wu Jian
Xom
Yredelemnul
Zin

Shops:
D:2 *

Annotations:
Temple 2 transporters


Innate Abilities, Weirdness & Mutations

You have a pair of horns on your head.
You reflexively headbutt those who attack you in melee.


Message History

You're too confused to move!
The orc hits you from afar with a +0 trident!
* * * LOW HITPOINT WARNING * * *
Something hits you but does no damage.
The orc warrior hits you but does no damage.
You feel a strong urge to attack something.
You feel less confused.
You are no longer berserk.
You are exhausted.
You feel yourself slow down. The orc completely misses you.
Something hits you but does no damage.
Unknown command.
You sock the orc!
You kill the orc!
The orc warrior hits you with a +0 long sword.
* * * LOW HITPOINT WARNING * * *
Something hits you but does no damage.
You completely miss the orc warrior. You headbutt the orc warrior.
The orc warrior is severely wounded.
Something hits you but does no damage.
The orc warrior hits you but does no damage.
You closely miss the orc warrior. Your headbutt misses the orc warrior.
The orc warrior is severely wounded.
Something hits you but does no damage. The orc warrior closely misses you. x2
You block something's attack.
You hit the orc warrior. You headbutt the orc warrior.
The orc warrior is almost dead.
Something hits you but does no damage.
The orc warrior hits you but does no damage.
Unknown command.
You hit the orc warrior but do no damage.
The orc warrior is almost dead.
Something hits you but does no damage.
The orc warrior hits you with a +0 long sword.
* * * LOW HITPOINT WARNING * * *
You closely miss the orc warrior.
You headbutt the orc warrior, but do no damage.
The orc warrior is almost dead.
Something hits you but does no damage.
The orc warrior hits you with a +0 long sword!
You die...

..'.....#
..#.....# #####
! #.....# .....
#.....# .....
#....!####.?...
#.............
#.<..))...#'##
#......)..#
#......{@.#
#......o).#
#.....######
#....< #.....
#..... #####


You could see an orc warrior.

Vanquished Creatures
  Pikel (D:4)
  Grinder (D:4)
  Eustachio (D:5)
  Grum (D:6)
  Edmund (D:5)
  A sky beast (D:7)
  3 ice beasts
  3 black bears
  2 ogres
  2 wolves (D:6)
  A centaur (D:7)
  2 kobold brigands
  3 lemures
  2 bullfrogs (D:8)
  3 gnoll sergeants (D:6)
  Blork the orc (D:4)
  A scorpion (D:6)
  A burial acolyte (D:5)
  6 wights (D:7)
  3 howler monkeys
  An electric eel (D:6)
  3 bombardier beetles
  16 hounds
  A jelly (D:7)
  2 orc priests (D:8)
  4 gnoll boudas (D:6)
  3 iguanas (D:4)
  2 orc wizards
  2 sleepcaps
  Robin (D:4)
  10 adders
  37 gnolls
  3 shadow imps
  A white imp (D:5)
  2 ufetubi (D:5)
  2 adder zombies (D:5)
  3 dart slugs
  4 ribbon worms
  17 orcs
  7 ball pythons
  5 bats
  7 endoplasms
  6 giant cockroaches
  23 goblins
  18 hobgoblins
  14 jackals
  2 quokkas
  4 frilled lizards
  2 jackal zombies (D:5)
  19 kobolds
  12 rats
  A butterfly (D:6)
273 creatures vanquished.

Notes
Turn   | Place    | Note
-------+----------+-------------------------------------------
     0 | D:1      | Silvore the Minotaur Fighter began the quest for the Orb.
     0 | D:1      | Reached XP level 1. HP: 19/19 MP: 0/0
   210 | D:1      | Reached XP level 2. HP: 25/27 MP: 1/1
   637 | D:1      | Reached XP level 3. HP: 9/33 MP: 2/2
   872 | D:1      | Reached skill level 3 in Maces & Flails
  1059 | D:2      | Found a faded altar of an unknown god.
  1459 | D:2      | Reached XP level 4. HP: 34/40 MP: 3/3
  1703 | D:2      | Found Joasasod's Assorted Antiques.
  1709 | D:2      | Bought a scroll labelled INKANU HEFAIM for 20 gold pieces
  1709 | D:2      | Bought a scroll labelled ETINLO LUBEANK for 20 gold pieces
  1709 | D:2      | Bought a scroll labelled ETINLO LUBEANK for 20 gold pieces
  1868 | D:3      | Reached skill level 4 in Maces & Flails
  1897 | D:3      | Reached XP level 5. HP: 42/47 MP: 4/4
  1915 | D:3      | Reached skill level 5 in Maces & Flails
  2537 | D:4      | Found an opulent altar of Gozag.
  2571 | D:4      | Found an ornate altar of the Wu Jian Council.
  2583 | D:4      | Found a basalt altar of Yredelemnul.
  2586 | D:4      | Found a radiant altar of Vehumet.
  2602 | D:4      | Reached XP level 6. HP: 53/53 MP: 5/5
  2617 | D:4      | Reached skill level 6 in Maces & Flails
  2631 | D:4      | Noticed Blork the orc
  2638 | D:4      | Noticed Pikel
  2648 | D:4      | Killed Blork the orc
  2909 | D:4      | Reached skill level 7 in Maces & Flails
  3073 | D:4      | Killed Pikel
  3074 | D:4      | Reached skill level 5 in Fighting
  3074 | D:4      | Reached skill level 8 in Maces & Flails
  3074 | D:4      | Reached skill level 5 in Armour
  3074 | D:4      | Reached skill level 1 in Dodging
  3074 | D:4      | Reached skill level 5 in Shields
  3074 | D:4      | Reached XP level 7. HP: 31/61 MP: 6/6
  3191 | D:4      | Identified the +0 leather armour of the Game of Kings {rN+
                  | rCorr}
  3339 | D:4      | Noticed Robin
  3351 | D:4      | Reached XP level 8. HP: 61/69 MP: 7/7
  3355 | D:4      | Killed Robin
  3447 | D:4      | Noticed Grinder
  3450 | D:4      | Paralysed by Grinder for 5 turns
  3465 | D:4      | Paralysed by Grinder for 3 turns
  3470 | D:4      | Killed Grinder
  3700 | D:5      | Entered Level 5 of the Dungeon
  3817 | D:5      | Found a shimmering altar of Xom.
  3818 | D:5      | Found a shimmering altar of Xom.
  3853 | D:5      | Noticed Edmund
  3864 | D:5      | Killed Edmund
  3895 | D:5      | Found a blossoming altar of Fedhas.
  3912 | D:5      | Reached skill level 9 in Maces & Flails
  4025 | D:5      | Noticed Eustachio
  4038 | D:5      | Killed Eustachio
  4394 | D:5      | Found an ancient bone altar of Kikubaaqudgha.
  4508 | D:5      | Found a bloodstained altar of Trog.
  4585 | D:6      | Reached XP level 9. HP: 61/78 MP: 8/8
  4752 | D:6      | Reached skill level 10 in Maces & Flails
  4760 | D:6      | Found a hazy altar of Hepliaklqana.
  5173 | D:6      | Found a staircase to the Ecumenical Temple.
  5192 | Temple   | Found a transporter.
  5192 | Temple   | Found a transporter.
  5192 | Temple   | Found a transporter.
  5192 | Temple   | Found a transporter.
  5192 | Temple   | Entered the Ecumenical Temple
  5214 | Temple   | Became a worshipper of Warmaster Okawaru
  5536 | D:6      | Noticed Grum
  5555 | D:6      | Killed Grum
  5695 | D:6      | Reached skill level 11 in Maces & Flails
  5967 | D:6      | Reached * piety under Okawaru
  6045 | D:6      | Found a glowing silver altar of Zin.
  6295 | D:7      | Reached XP level 10. HP: 79/88 MP: 7/9
  6305 | D:7      | Identified the +1 scale mail of Experimentation {Will+}
  6395 | D:7      | Reached skill level 1 in Invocations
  6617 | D:7      | Found a white marble altar of Elyvilon.
  6789 | D:7      | Found a stormy altar of Qazlal.
  7225 | D:8      | Reached ** piety under Okawaru
  7265 | D:8      | HP: 5/133 [orc/+0 trident (7)]
  7267 | D:8      | HP: 1/89 [orc warrior/+0 long sword (3)]
  7272 | D:8      | Slain by an orc warrior

Illustrated notes

Levels and vault maps discovered:
D:1:      dpeg_arrival_court, layout_loops_ring, minmay_quantized
D:2:      minmay_wonky_spiral, layout_loops_cross,
          hellmonk_ecumenical_altar_leap_of_faith, serial_shops, shop
D:3:      layout_basic, minmay_door_square
D:4:      kennysheep_goblin_castle, layout_rooms,
          nicolae_overflow_macrodata_refinement, uniq_blork_the_orc, uniq_pikel,
          uniq_grinder
D:5:      layout_cave_pods, lemuel_doored_altar, xom_redecorated,
          lemuel_zombie_altar_kikubaaqudgha, trog_hazing_becter,
          kennysheep_generic_room_12, uniq_eustachio, uniq_edmund
D:6:      layout_cave_pools, mainiacjoe_overflow_small_starburst,
          mainiacjoe_overflow_alcove_4, minmay_temple_entry_butterflies,
          serial_gnoll_camp, gnoll_camp_mini_house, gnoll_camp_mini_basic,
          gnoll_camp_huts_moat, grums_kennel, gnoll_camp_medium_02
D:7:      layout_loops_ring, elyvilon_altar_1, nicolae_overflow_crystal_walls
D:8:      layout_gridville, minmay_liquid_box, uniq_prince_ribbit1
Temple:   hellmonk_temple_divided_pantheon

Skill      XL: |  1  2  3  4  5  6  7  8  9 10 |
---------------+-------------------------------+-----
Armour         | 4 5 6 7 8 9 |  9.0
Shields        | 4 5 6 7 |  7.6
Fighting       | 4 5 6 7 8 |  8.3
Maces & Flails | 3 4 5 8 9 11 | 11.5
Dodging        | 1 2 4 |  4.3
Invocations    | 1 |  1.0
Stealth        | |  0.6

Action                     |  1- 3 |  4- 6 |  7- 9 | 10-12 || total
---------------------------+-------+-------+-------+-------++-------
  Melee: Flail             |    89 |   191 |    35 |       ||   315
         Headbutt          |    15 |    30 |    73 |    19 ||   137
         Mace              |       |       |   362 |   101 ||   463
 Invoke: Heroism           |       |       |     1 |     1 ||     2
    Use: Scroll            |     1 |     7 |     6 |     1 ||    15
         Potion            |       |     1 |       |     3 ||     4
 Armour: Chain mail        |    87 |   181 |   328 |   120 ||   716
  Dodge: Dodged            |    30 |    89 |   277 |    87 ||   483
  Block: Buckler           |    16 |    49 |   122 |    43 ||   230
